 Dungeon Crawl Stone Soup version 0.18-a0-1203-gbde16db (webtiles) character file.

102 Enroth the Shield-Bearer (level 4, 0/31 HPs)
             Began as an Octopode Fighter on Jan 31, 2016.
             Slain by a gnoll
             ... wielding a +0 spear
              (1 damage)
             ... on level 3 of the Dungeon.
             The game lasted 00:04:36 (1228 turns).

Enroth the Shield-Bearer (Octopode Fighter)         Turns: 1228, Time: 00:04:36

Health: 0/31       AC:  1    Str: 15    XL:     4   Next: 78%
Magic:  4/4        EV: 11    Int: 10    God:
Gold:   82         SH:  9    Dex: 12    Spells: 0 memorised, 3 levels left

rFire  . . .     SeeInvis .     a - +0 war axe
rCold  . . .     Gourm    .     b - +0 shield
rNeg   . . .     Faith    .     (helmet restricted)
rPois  .         Spirit   .     i - amulet of rage
rElec  .         Dismiss  .     (no ring)
rCorr  .         Reflect  .     (no ring)
SustAt .         Harm     .     (no ring)
MR     .....                    (no ring)
Stlth  +++.......               (no ring)
                                (no ring)
                                (no ring)
                                (no ring)

@: not resistant to hostile enchantments, fairly stealthy
A: almost no armour, amphibious, 8 rings, constrict 8, camouflage 1, gelatinous
body 1
a: Evoke Berserk Rage


You were on level 3 of the Dungeon.
You were not hungry.

You visited 1 branch of the dungeon, and saw 3 of its levels.

You collected 82 gold pieces.

Inventory:

Hand Weapons
 a - a +0 war axe (weapon)
Armour
 b - a +0 shield (worn)
Jewellery
 i - an amulet of rage (around mantle)
Scrolls
 g - 2 scrolls of teleportation {unknown}
 h - a scroll of identify {unknown}
 k - a scroll of random uselessness {unknown}
 l - a scroll of blinking {unknown}
Potions
 c - 3 potions of might
 e - a potion of mutation {unknown}
 f - 2 potions of resistance {unknown}
 j - 2 potions of magic {unknown}
 m - a potion of haste {unknown}
 n - a potion of poison {unknown}
Comestibles
 d - 2 bread rations


   Skills:
 + Level 3.4 Fighting
 + Level 2.3 Axes
 + Level 3.6 Dodging
 + Level 2.7 Stealth
 * Level 3.8 Shields


You had 3 spell levels left.
You didn't know any spells.

Dungeon Overview and Level Annotations

Branches:
Dungeon (3/15)

Altars:
Gozag


Innate Abilities, Weirdness & Mutations

You cannot wear most types of armour.
You are amphibious.
You can wear up to eight rings at the same time.
You can use your tentacles to constrict eight enemies at once.
Your skin changes colour to match your surroundings (Stealth).
Your rubbery body absorbs attacks (AC +1).


Message History

You see here a hobgoblin corpse.
Found 19 gold pieces.
You now have 82 gold pieces (gained 19). 2 gnolls come into view.
The gnoll shouts!
A giant newt comes into view.
The gnoll hits you from afar with a spear.
The gnoll hits you with a spear.
You hit the gnoll but do no damage. You grab the gnoll.
You constrict the gnoll. The gnoll hits you with a spear!
You hit the gnoll but do no damage.
The gnoll is lightly wounded.
You constrict the gnoll. The gnoll hits you with a spear!
* * * LOW HITPOINT WARNING * * *
The gnoll hits you with a spear.
* * * LOW HITPOINT WARNING * * *
You hit the gnoll but do no damage.
The gnoll is moderately wounded.
You constrict the gnoll. The gnoll hits you with a spear.
You die...

############ ###
######.....@g...# ..#
#.....###.###l..#
#.####.#####.....#........
...........#.#.###g.....##
#.#........#.._..#......#
.........#####.#†#.......#
#.#(##.....#.....#..g###.#
...###.....###.###.l.# #
..####.#.##..........#


You could see a gnoll and a giant newt.

Vanquished Creatures
  4 adders (D:2)
  2 oozes (D:3)
  A giant gecko (D:3)
  A ball python (D:1)
  5 giant cockroaches
  3 goblins
  10 hobgoblins
  8 jackals
  8 bats
  4 giant newts
  2 kobolds
  5 rats
53 creatures vanquished.

Notes
Turn   | Place    | Note
--------------------------------------------------------------
     0 | D:1      | Enroth the Octopode Fighter began the quest for the Orb.
     0 | D:1      | Reached XP level 1. HP: 16/16 MP: 1/1
   178 | D:1      | Reached XP level 2. HP: 19/21 MP: 2/2
   541 | D:1      | Reached XP level 3. HP: 23/26 MP: 3/3
   548 | D:1      | Reached skill level 1 in Stealth
   791 | D:2      | Reached XP level 4. HP: 23/31 MP: 4/4
  1190 | D:3      | Found an opulent altar of Gozag.
  1227 | D:3      | HP: 1/31 [gnoll/spear (3)]
  1228 | D:3      | Slain by a gnoll

Vault maps used:
D:1:      lemuel_arrival_hallway
D:2:      first_bread
D:3:      nicolae_gozag_cash_rules_everything_around_me, fedhas_altar_3

Action                   |  1- 3 |  4- 6 || total
-------------------------+-------+-------++-------
Melee: War axe           |    60 |    39 ||    99
  Use: Scroll            |     1 |       ||     1
       Potion            |     1 |       ||     1
 Stab: Sleeping          |     7 |     5 ||    12
       Distracted        |     1 |       ||     1
  Eat: Chunk             |       |     1 ||     1
